 Dungeon Crawl Stone Soup version 0.21.1 (webtiles) character file.

4 Monsterracer the Stinger (level 1, 0/14 HPs)
             Began as a Draconian Venom Mage on Feb 2, 2018.
             Slain by a frilled lizard (2 damage)
             ... on level 1 of the Dungeon.
             The game lasted 00:00:39 (159 turns).

Monsterracer the Stinger (Draconian Venom Mage)      Turns: 159, Time: 00:00:40

Health: 0/14       AC:  4    Str: 10    XL:     1   Next: 58%
Magic:  1/3        EV: 12    Int: 15    God:
Gold:   6          SH:  0    Dex: 11    Spells: 3/4 levels left

rFire    . . .     SeeInvis .     - Unarmed
rCold    . . .     Gourm    .   (no shield)
rNeg     . . .     Faith    .   (armour unavailable)
rPois    .         Spirit   .   (helmet restricted)
rElec    .         Reflect  .   (no cloak)
rCorr    .         Harm     .   (no gloves)
MR       .....                  (no boots)
Stlth    ++........             (no amulet)
HPRegen  0.04/turn              (no ring)
MPRegen  0.08/turn              (no ring)

@: no status effects
A: unfitting armour, cold-blooded, AC +4
a: no special abilities


You were on level 1 of the Dungeon.
You were not hungry.

You visited 1 branch of the dungeon, and saw 1 of its levels.

You collected 6 gold pieces.

Inventory:

Potions
 b - a potion of degeneration {unknown}
Books
 a - a Young Poisoner's Handbook

   Spells                             Type                      Level
   a - Sting                          Conjuration/Poison           1
   b - Poisonous Vapours              Poison/Air                   2
   c - Mephitic Cloud                 Conjuration/Poison/Air       3
   d - Olgreb's Toxic Radiance        Poison                       4
   e - Venom Bolt                     Conjuration/Poison           5
Comestibles
 c - 2 rations


   Skills:
 - Level 1.7 Dodging
 - Level 1.7 Stealth
 + Level 1.2 Unarmed Combat
 - Level 2.0 Spellcasting
 - Level 1.0 Conjurations
 - Level 3.0 Poison Magic


You had 3 spell levels left.
You knew the following spells:

 Your Spells              Type           Power        Failure   Level  Hunger
a - Sting                 Conj/Pois      #...         10%         1    #......


Dungeon Overview and Level Annotations

Branches:
Dungeon (1/15)

Altars:


Innate Abilities, Weirdness & Mutations

Your plain brown scales are hard. (AC +4)
You cannot fit into any form of body armour.
You are cold-blooded and may be slowed by cold attacks.


Message History

The bat hits you but does no damage.
Casting: Sting
Confirm with . or Enter, or press ? or * to list all spells.
Aiming: Sting
Press: ? - help, Shift-Dir - straight line, f - goblin
Aim: a goblin The sting hits the goblin.
The goblin is poisoned.
The goblin is severely wounded.
The goblin hits you.
You take 3 damage, and have 9/14 hp.
MASSIVE DAMAGE!!
You now have 2/3 mp.
Casting: Sting
Confirm with . or Enter, or press ? or * to list all spells.
Aiming: Sting
Press: ? - help, Shift-Dir - straight line, f/p - goblin
Aim: a goblin (severely wounded, poisoned)
Okay, then.
You kill the goblin!
You hit the bat.
The bat is severely wounded.
The bat barely misses you.
You closely miss the bat.
The bat is severely wounded.
The bat hits you but does no damage. The bat closely misses you.
You hit the bat.
You kill the bat!
Casting: Sting
Confirm with . or Enter, or press ? or * to list all spells.
Aiming: Sting
Press: ? - help, Shift-Dir - straight line, f - kobold
Aim: a kobold The sting misses the kobold.
The sting hits the kobold.
The kobold appears unharmed.
The kobold hits you.
You take 1 damage, and have 9/14 hp.
You now have 1/3 mp.
Casting: Sting
Confirm with . or Enter, or press ? or * to list all spells.
Aiming: Sting
Press: ? - help, Shift-Dir - straight line, f/p - kobold
Aim: a kobold The sting misses the kobold. x2; The kobold hits you but does no damage.
You now have 0/3 mp.
You closely miss the kobold. The kobold closely misses you.
You closely miss the kobold. The kobold misses you.
Found 16 sling bullets.
A giant cockroach comes into view.
Found 11 gold pieces.
Casting: Sting
Confirm with . or Enter, or press ? or * to list all spells.
Aiming: Sting
Press: ? - help, Shift-Dir - straight line, f/p - kobold
Aim: a kobold The sting hits the kobold.
You kill the kobold!
Your Unarmed Combat skill increases to level 1!
You now have 0/3 mp.
The giant cockroach closely misses you. The giant cockroach closely misses you.
The giant cockroach bites you but does no damage.
A frilled lizard comes into view.
The frilled lizard hisses angrily.
The frilled lizard moves out of view.
Casting: Sting
Confirm with . or Enter, or press ? or * to list all spells.
Aiming: Sting
Press: ? - help, Shift-Dir - straight line, f - kobold
Aim: a kobold, wielding a short sword The sting misses the kobold.
The sting hits the frilled lizard.
The frilled lizard is poisoned.
You kill the frilled lizard!
The kobold misses you.
You now have 0/3 mp.
You barely miss the kobold. The kobold hits you with a short sword.
* * * LOW HITPOINT WARNING * * *
You take 4 damage, and have 6/14 hp.
MASSIVE DAMAGE!!
A bat comes into view.
The frilled lizard barely misses you.
You hit the frilled lizard.
The frilled lizard is heavily wounded.
The frilled lizard barely misses you. The kobold hits you but does no damage.
You miss the frilled lizard.
The frilled lizard is heavily wounded.
The frilled lizard misses you. The kobold hits you with a short sword.
* * * LOW HITPOINT WARNING * * *
You take 1 damage, and have 5/14 hp.
You miss the frilled lizard.
The frilled lizard is heavily wounded.
The frilled lizard barely misses you. The kobold barely misses you.
You barely miss the frilled lizard.
Your tail-slap misses the frilled lizard.
The frilled lizard is heavily wounded.
The frilled lizard barely misses you. The kobold hits you with a short sword.
* * * LOW HITPOINT WARNING * * *
You take 3 damage, and have 2/14 hp.
MASSIVE DAMAGE!!
You barely miss the frilled lizard.
The frilled lizard is heavily wounded.
The frilled lizard completely misses you.
The kobold closely misses you.
You closely miss the frilled lizard.
The frilled lizard is heavily wounded.
The frilled lizard bites you.
You die...

##...## #...##.. ##.###
#....... ########..#
#....#..
.........######
#.......
.#####†................
#.#########....... #s#
....##( #K# [####.. #@#
####..... #l#
##.......# ..#
##.....#### ..##
##..[.###... ..#
#....##..... ...
##...##....## ....
#....#....##. ....
#...##...##..
#...#....#...


You could see a giant cockroach, a kobold and a frilled lizard.

Vanquished Creatures
  A goblin (D:1)
  A kobold (D:1)
  A bat (D:1)
  2 frilled lizards (D:1)
5 creatures vanquished.

Notes
Turn   | Place    | Note
-------+----------+-------------------------------------------
     0 | D:1      | Monsterracer the Draconian Venom Mage began the quest for the Orb.
     0 | D:1      | Reached XP level 1. HP: 14/14 MP: 3/3
   137 | D:1      | Reached skill level 1 in Unarmed Combat
   152 | D:1      | HP: 6/14 [kobold/short sword (4)]
   157 | D:1      | HP: 2/14 [kobold/short sword (3)]
   159 | D:1      | Slain by a frilled lizard

Skill      XL: |  1 |
---------------+----+-----
Unarmed Combat | 1 |  1.2
Dodging        | |  1.7
Stealth        | |  1.7
Spellcasting   | |  2.0
Conjurations   | |  1.0
Poison Magic   | |  3.0

Action                   || total
-------------------------++-------
Melee: Unarmed           ||    17
       Tailslap          ||     1
 Cast: Sting             ||     5
Armor: Skin              ||    11
Dodge: Dodged            ||    25

Vault maps used:
D:1:      dpeg_arrival_circle_labyrinth_a, minmay_split_cup_small
